 Dungeon Crawl Stone Soup version 0.24.0-5-g267a8d59f4 (webtiles) character file.

Game seed: 8898173548708170105, levelgen mode: deterministic

70 wullow the Sneak (level 4, -4/34 HPs)
             Began as a Merfolk Wanderer on Nov 2, 2019.
             Killed from afar by Sigmund (9 damage)
             ... with a puff of flame
             ... on level 2 of the Dungeon.
             The game lasted 00:04:15 (2164 turns).

wullow the Sneak (Merfolk Wanderer)                 Turns: 2164, Time: 00:04:16

Health: -4/34      AC:  2    Str: 19    XL:     4   Next: 21%
Magic:  4/4        EV: 13    Int: 14    God:
Gold:   70         SH:  0    Dex: 14    Spells: 3/3 levels left

rFire    . . .     SeeInvis .   a - +2 dagger
rCold    . . .     Gourm    .   (no shield)
rNeg     . . .     Faith    .   e - +0 robe
rPois    .         Spirit   .   (no helmet)
rElec    .         Reflect  .   (no cloak)
rCorr    .         Harm     .   (no gloves)
MR       .....                  (no boots)
Stlth    ++........             (no amulet)
HPRegen  0.11/turn              (no ring)
MPRegen  0.09/turn              (no ring)

@: mighty, brilliant, very slightly contaminated, invisible
A: change form in water, swift swim, stealthy swim
a: no special abilities


You were on level 2 of the Dungeon.
You were hungry.

You visited 1 branch of the dungeon, and saw 2 of its levels.

You collected 70 gold pieces.

Inventory:

Hand Weapons
 a - a +2 dagger (weapon)
 c - a +0 falchion
 h - a +0 mace of holy wrath
Missiles
 g - 76 stones (quivered)
 o - 3 atropa-tipped darts
 q - 14 arrows
 r - 13 bolts
Armour
 e - a +0 robe (worn)
Jewellery
 s - a cursed ring of attention {unknown}
Scrolls
 b - a scroll of blinking
 i - a scroll of magic mapping {unknown}
 j - a scroll of random uselessness {unknown}
 k - a scroll of fog {unknown}
 n - a scroll of remove curse {unknown}
Potions
 d - 2 potions of curing
Comestibles
 f - a ration


   Skills:
 + Level 2.8 Fighting
 * Level 2.3 Short Blades
   Level 1.0 Staves
 + Level 1.5 Throwing
 + Level 2.4 Dodging
 * Level 3.0 Stealth
   Level 1.0 Shields
 - Level 2.1 Unarmed Combat


You had 3 spell levels left.
You didn't know any spells.
Your spell library was empty.

Dungeon Overview and Level Annotations

Branches:
Dungeon (2/15)

Altars:

Annotations:
D:2 Sigmund


Message History

Sigmund is severely wounded.
It was a potion of invisibility.
You fade into invisibility!
Sigmund casts a spell at you. The magic dart hits you!
* * * LOW HITPOINT WARNING * * *
You are very lightly contaminated with residual magic.
You hit Sigmund.
Sigmund is severely wounded.
Sigmund barely misses you.
You closely miss Sigmund.
Sigmund is severely wounded.
Sigmund barely misses you.
It was a potion of brilliance.
You feel clever all of a sudden.
It was a potion of might.
You feel very mighty all of a sudden. Sigmund gestures at you while chanting.
The puff of flame hits you!
You die...

#....##....# #....##[...#
#....##....#
######....##....#
..........##....+
#####....>##....#
...........'....########
.#..#......#............
....#....#.##..#@######
.#..#....#.##..#@#
.####...##.##..#g#
..#.........#..#.#
#.#.##.###..#..#.#
#+#............#.#
....##...........#
....#####......##############
........#.##### #...........#


You could see Sigmund and a goblin.

Vanquished Creatures
  A bullfrog skeleton (D:2)
  An ooze (D:1)
  A dart slug (D:1)
  2 leopard geckos (D:1)
  A goblin (D:1)
  A hobgoblin (D:2)
  8 jackals
  A quokka (D:2)
  A ball python (D:1)
  4 bats
  A frilled lizard (D:1)
  6 kobolds
  3 rats (D:1)
31 creatures vanquished.

Notes
Turn   | Place    | Note
-------+----------+-------------------------------------------
     0 | D:1      | wullow the Merfolk Wanderer began the quest for the Orb.
     0 | D:1      | wullow set off with the following items: a +2 dagger, a
                  | scroll of blinking, a +0 falchion, a potion of curing, a +0
                  | robe, a ration
     0 | D:1      | Reached XP level 1. HP: 16/16 MP: 1/1
   331 | D:1      | Reached skill level 1 in Short Blades
   331 | D:1      | Reached XP level 2. HP: 18/22 MP: 2/2
   850 | D:1      | Reached XP level 3. HP: 16/28 MP: 3/3
  1951 | D:2      | Reached skill level 3 in Stealth
  1951 | D:2      | Reached XP level 4. HP: 27/34 MP: 4/4
  2144 | D:2      | Noticed Sigmund
  2164 | D:2      | Killed from afar by Sigmund

Levels and vault maps discovered:
D:1:      roderic_chinese_lattice_arrival, layout_basic, serial_forest,
          infiniplex_forest_lined_2, infiniplex_forest_corner_1,
          infiniplex_forest_corner_1, infiniplex_forest_clump_diagonal,
          minmay_misc_feat_room
D:2:      layout_basic, st_stairs_11, uniq_jessica, uniq_sigmund

Skill      XL: |  1  2  3 |
---------------+----------+-----
Short Blades   | 1 2 |  2.3
Dodging        | 2 |  2.4
Stealth        | 3 |  3.0
Fighting       | |  2.8
Staves         | |  1.0
Throwing       | |  1.5
Shields        | |  1.0
Unarmed Combat | |  2.1

Action                   |  1- 3 |  4- 6 || total
-------------------------+-------+-------++-------
Melee: Dagger            |   121 |    21 ||   142
Throw: Stone             |     1 |       ||     1
  Use: Potion            |       |     3 ||     3
 Stab: Sleeping          |     3 |       ||     3
  Eat: Chunk             |     3 |       ||     3
Armor: Robe              |    30 |     6 ||    36
Dodge: Dodged            |    89 |    15 ||   104
